 Dungeon Crawl Stone Soup version 0.29.1-12-g30fa7ad0bf (webtiles) character file.

Game seed: 14840361935767036065

445 nightchill the Chopper (level 6, -21/49 HPs)
             Began as a Demonspawn Abyssal Knight on Jan 10, 2023.
             Was a Priest of Lugonu.
             Demolished by an ogre
             ... wielding a +0 giant spiked club
              (24 damage)
             ... on level 4 of the Dungeon.
             The game lasted 00:05:31 (3034 turns).

nightchill the Chopper (Demonspawn Abyssal Knight)  Turns: 3034, Time: 00:05:32

Health: -21/49     AC:  6    Str: 16    XL:     6   Next: 72%
Magic:  8/8        EV:  9    Int: 11    God:    Lugonu [***...]
Gold:   155        SH:  0    Dex: 13    Spells: 5/5 levels left

rFire   . . .      SeeInvis .   a - +1 hand axe
rCold   + . .      Faith    .   (no shield)
rNeg    . . .      Spirit   .   j - +0 scale mail
rPois   .          Reflect  .   k - +1 hat
rElec   .          Harm     .   c - +0 cloak
rCorr   .          Rampage  .   (no gloves)
Will    .....                   (no boots)
Stlth   ..........              p - amulet of magic regeneration
HPRegen 0.16/turn               m - ring of protection from cold
MPRegen 0.51/turn               (no ring)

@: mighty, corroded
A: powered by pain 1, spiny 1, sharp scales 2
a: Renounce Religion, Depart the Abyss, Bend Space, Banish


You were on level 4 of the Dungeon.
You worshipped Lugonu.
Lugonu was most pleased with you.
You visited 1 branch of the dungeon, and saw 4 of its levels.
You visited the Abyss 1 time.

You collected 155 gold pieces.

Inventory:

Hand Weapons
 a - a +1 hand axe (weapon)
 n - a +2 dagger of venom
Missiles
 l - 3 poisoned darts (quivered)
Armour
 b - a +0 leather armour
 c - a +0 cloak (worn)
 j - a +0 scale mail (worn)
 k - a +1 hat (worn)
Jewellery
 m - a ring of protection from cold (left hand)
 p - an amulet of magic regeneration (around neck)
Wands
 r - a wand of polymorph (9)
Scrolls
 d - a scroll of identify {unknown}
 e - 2 scrolls of vulnerability {unknown}
 g - a scroll of enchant weapon {unknown}
 h - 3 scrolls of teleportation
Potions
 f - a potion of haste
 i - a potion of curing {unknown}
 o - a potion of cancellation {unknown}
 q - a potion of lignification {unknown}


   Skills:
 + Level 4.3 Fighting
 * Level 5.6 Axes
 - Level 1.7 Armour
 - Level 0.8 Dodging
 * Level 3.8 Invocations


You had 5 spell levels left.
You didn't know any spells.
Your spell library contained the following spells:

 Spells                   Type           Power      Damage    Failure   Level
 Slow                     Hex            0%         N/A       78%         1
 Call Canine Familiar     Summ           0%         N/A       98%         3
 Confusing Touch          Hex            0%         N/A       98%         3
 Gell's Gravitas          Tloc           0%         N/A       98%         3
 Lesser Beckoning         Tloc           0%         N/A       98%         3
 Portal Projectile        Hex/Tloc       0%         N/A       98%         3
 Teleport Other           Tloc           0%         N/A       98%         3
 Vampiric Draining        Necr           0%         2d6       98%         3
 Leda's Liquefaction      Hex/Erth       0%         N/A       100%        4


Dungeon Overview and Level Annotations

Branches:
Dungeon (4/15)
 Temple: D:4-7

Altars:


Innate Abilities, Weirdness & Mutations

You sometimes gain a little power by taking damage.
You are partially covered in sharp spines.
You are mostly covered in razor-sharp scales. (AC +2, Slay +2)


Message History

You hit the hobgoblin.
You kill the hobgoblin!
Lugonu accepts your kill.
No target in view!
No target in view!
You pick up a book of Displacement and begin reading...
You add the spells Lesser Beckoning, Gell's Gravitas and Teleport Other to your library.
Found a stone staircase leading up.
r - a wand of polymorph (9) No target in view!
No target in view!
No target in view!
An ogre comes into view. It is wielding a +0 giant spiked club.
Found 10 gold pieces and a scroll labelled HIQIONWIELO.
The ogre shouts!
A jelly comes into view.
There are monsters nearby!
There are monsters nearby!
The jelly quivers.
The ogre barely misses you.
You hit the jelly. The acid corrodes you!
Your hands burn!
The jelly is moderately wounded.
You hit the ogre. The jelly hits you but does no damage.
You hit the jelly.
Your hands burn!
The jelly is heavily wounded.
You barely miss the ogre.
The ogre hits you with a +0 giant spiked club!!
Ouch! That really hurt!
* * * LOW HITPOINT WARNING * * *
You focus on the pain.
You feel very mighty all of a sudden. The jelly is struck by your spines.
The jelly hits you.
* * * LOW HITPOINT WARNING * * *
You are splashed with acid!
* * * LOW HITPOINT WARNING * * *
Press: ? - help, Shift-Dir - straight line, f - ogre
Aim: an ogre, wielding a +0 giant spiked club (lightly wounded, chance to affect: 81%)
You fail to use your ability.
The jelly hits you but does no damage.
The ogre hits you with a +0 giant spiked club!!
You die...

..##..##....# ..
.####.......#.........##
.# ##..##..#..........#
.# ###.## #.#..........#
..##...# #....# .......
..#....####....##...?..
#...............#...#.#.
.....##.....##..JO..$...
...........###..@.......
..........## ##.?.......
.......#...###...##.#.##
......###......### ..
...... #.......# ...
..... #..#...## ##
.........##.......
..#..####..#### ♣.$.#
....#


You could see an ogre and a jelly.

Vanquished Creatures
  Grinder (D:3)
  A necrophage (D:4)
  A hound (D:4)
  2 orc wizards
  Robin (D:2)
  3 adders
  A worm (D:2)
  A dart slug (D:1)
  7 orcs
  4 bats
  5 endoplasms
  2 giant cockroaches (D:2)
  8 goblins
  8 hobgoblins
  3 quokkas
  8 ball pythons
  4 frilled lizards
  4 kobolds
  8 rats
72 creatures vanquished.

Notes
Turn   | Place    | Note
-------+----------+-------------------------------------------
     0 | Abyss:1  | nightchill the Demonspawn Abyssal Knight began the quest
                  | for the Orb.
     0 | Abyss:1  | Reached XP level 1. HP: 18/18 MP: 2/2
     1 | D:1      | Escaped the Abyss
   169 | D:1      | Reached skill level 2 in Axes
   245 | D:1      | Gained mutation: You are partially covered in razor-sharp
                  | scales. (AC +1, Slay +1) [demonic ancestry]
   245 | D:1      | Reached XP level 2. HP: 24/24 MP: 3/3
   637 | D:1      | Found a faded altar of an unknown god.
  1002 | D:2      | Gained mutation: You are partially covered in sharp spines.
                  | [demonic ancestry]
  1002 | D:2      | Reached XP level 3. HP: 21/29 MP: 4/4
  1250 | D:2      | Reached *** piety under Lugonu
  1251 | D:2      | Reached skill level 3 in Axes
  1819 | D:3      | Noticed Robin
  1827 | D:2      | Gained mutation: You are mostly covered in razor-sharp
                  | scales. (AC +2, Slay +2) [demonic ancestry]
  1827 | D:2      | Reached XP level 4. HP: 37/37 MP: 6/6
  1836 | D:2      | Killed Robin
  1945 | D:3      | Noticed Grinder
  1953 | D:3      | Paralysed by Grinder for 2 turns
  1957 | D:3      | Paralysed by Grinder for 3 turns
  1976 | D:3      | Killed Grinder
  1977 | D:3      | Reached skill level 4 in Axes
  1977 | D:3      | Reached XP level 5. HP: 3/42 MP: 7/7
  1977 | D:3      | Gained mutation: You sometimes gain a little power by
                  | taking damage. [demonic ancestry]
  1977 | D:3      | Reached XP level 6. HP: 3/48 MP: 8/8
  2577 | D:3      | Reached skill level 5 in Axes
  3034 | D:4      | Demolished by an ogre

Illustrated notes

Levels and vault maps discovered:
D:1:      scummos_arrival_hexagon, layout_rooms,
          shapermc_ecumenical_altar_pompeii, minmay_door_square
D:2:      layout_basic, minmay_box_of_dots
D:3:      layout_loops_ring, gup_sewer_entry_bowl, uniq_grinder, uniq_robin
D:4:      layout_cave_pools, mainiacjoe_overflow_small_starburst, serial_shops,
          kennysheep_mini

Skill      XL: |  1  2  3  4  5  6 |
---------------+-------------------+-----
Axes           | 2 3 4 5 |  5.6
Fighting       | 4 |  4.3
Invocations    | 3 |  3.8
Armour         | |  1.7
Dodging        | |  0.8

Action                   |  1- 3 |  4- 6 || total
-------------------------+-------+-------++-------
Melee: Hand axe          |   111 |    61 ||   172
       Punch             |     2 |       ||     2
  Use: Scroll            |     1 |       ||     1
Armor: Leather armour    |    24 |       ||    24
       Scale mail        |    24 |    25 ||    49
Dodge: Dodged            |    65 |    22 ||    87
